Map: Echo LE (Void)

Players

Bop - Winner!

  • Race: Zerg Zerg

TMATTEI

  • Race: Protoss Protoss

VOD

Have the link to the VOD?

Description

Time

  • Played on: May 1, 2015, 4:42 p.m.
  • Length: 9:27
Show
View Real Time Build Order
Export as new Build Order

Bop Zerg - Winner!

Build Orders: Hatch First, Swarm Host 

Get SALT Encoding   

  12  0:01  Drone  
  13  0:13  Overlord  
  13  0:21  Drone  
  14  0:24  Extractor  
  14  0:25  Drone  
  14  0:29  Drone, Extractor  
  16  0:36  Drone  
  17  1:02  Drone  
  18  1:05  Hatchery  
  17  1:13  Spawning Pool  
  17  1:14  Drone  
  17  1:27  Drone x2  
  19  1:54  Drone  
  19  1:57  Overlord  
  19  2:00  Queen  
  22  2:17  Zergling x4  
  22  2:18  Drone  
  22  2:20  Queen  
  22  2:22  Drone  
  28  2:29  Drone x2  
  30  2:42  Queen  
  32  2:51  Drone x4  
  36  2:54  Hatchery  
  35  3:07  Overlord  
  35  3:08  Extractor  
  35  3:10  Extractor  
  35  3:11  Drone x2  
  34  3:24  Queen x2  
  34  3:25  Drone x2, Roach Warren  
  39  3:31  Drone x2  
  41  3:39  Drone x2  
  43  3:43  Overlord  
  43  4:04  Drone x8  
  43  4:05  Metabolic Boost  
  43  4:09  Overlord  
  51  4:13  Overlord  
  51  4:18  Lair  
  51  4:27  Overlord x2  
  51  4:33  Zergling x10  
  58  4:38  Roach  
  58  4:39  Roach  
  58  4:42  Roach x2  
  64  4:55  Roach x2  
  68  5:05  Overlord  
  68  5:07  Ravager x2  
  68  5:09  Drone x3  
  68  5:10  Drone x7  
  68  5:12  Extractor x2  
  68  5:13  Extractor  
  77  5:14  Overlord  
  77  5:19  Overlord  
  77  5:24  Burrow  
  77  5:25  Drone  
  77  5:26  Drone x3  
  81  5:34  Extractor  
  80  5:38  Overlord  
  80  5:39  Overseer  
  80  5:46  Drone x3  
  80  5:47  Drone x7  
  90  5:54  Roach x3  
  96  6:01  Ravager x3  
  97  6:08  Zergling x18  
  105  6:14  Overlord x2  
  105  6:19  Infestation Pit  
  104  6:29  Ravager  
  96  6:42  Zergling x16  
  87  6:54  Zergling x16  
  87  6:55  Zergling x4  
  97  7:06  Roach x5  
  102  7:13  Overlord  
  102  7:14  Overlord  
  102  7:18  Hatchery  
  101  7:23  Swarm Host  
  101  7:29  Hive, Evolution Chamber  
  103  7:33  Drone x3  
  103  7:36  Swarm Host  
  106  7:37  Swarm Host x4  
  106  7:39  Overlord  
  118  7:52  Overseer  
  118  7:58  Swarm Host x2  
  118  7:59  Swarm Host  
  118  8:01  Overlord x2  
  118  8:03  Drone x2  
  129  8:17  Swarm Host x2  
  134  8:32  Zergling x4  
  134  8:33  Zergling x24  
  147  8:39  Overlord  
  147  8:50  Zergling x18  
  147  8:51  Zergling x4  
  147  8:54  Ultralisk Cavern  
  157  8:58  Overlord x2  
Show
View Real Time Build Order
Export as new Build Order

TMATTEI Protoss 

Build Orders:  

Get SALT Encoding   

  12  0:01  Probe  
  13  0:16  Pylon  
  13  0:18  Probe  
  14  0:34  Probe  
  15  0:36  Gateway  
  15  0:46  Probe (Chrono Boost)  
  16  0:53  Pylon  
  16  0:58  Probe (Chrono Boost)  
  16  1:01  Assimilator  
  17  1:06  Probe (Chrono Boost)  
  18  1:12  Assimilator  
  18  1:15  Probe (Chrono Boost)  
  19  1:24  Probe (Chrono Boost)  
  20  1:28  Zealot  
  20  1:31  Cybernetics Core  
  22  1:35  Probe (Chrono Boost)  
  23  1:45  Probe (Chrono Boost)  
  24  1:52  Probe  
  25  2:04  Probe  
  26  2:11  Nexus  
  26  2:14  Warp Gate (Chrono Boost)  
  26  2:21  Mothership Core  
  28  2:28  Stalker  
  30  2:38  Pylon  
  30  2:53  Robotics Facility  
  30  3:04  Forge  
  30  3:22  Probe  
  30  3:23  Probe  
  32  3:29  Gateway  
  32  3:31  Pylon  
  32  3:35  Probe x2 (Chrono Boost)  
  34  3:43  Protoss Ground Weapons Level 1  
  34  3:44  Warp Prism (Chrono Boost)  
  34  3:46  Probe x2 (Chrono Boost)  
  38  3:52  Probe (Chrono Boost)  
  38  3:53  Probe (Chrono Boost)  
  40  4:04  Probe  
  40  4:06  Probe  
  41  4:16  Probe  
  42  4:18  Probe  
  42  4:20  Immortal (Chrono Boost)  
  47  4:28  Probe  
  47  4:31  Probe  
  49  4:40  Probe  
  49  4:43  Probe  
  51  4:48  Pylon  
  51  4:49  Pylon  
  51  5:07  Immortal (Chrono Boost)  
  55  5:14  Gateway x2  
  55  5:17  Gateway  
  55  5:18  Gateway  
  55  5:21  Gateway  
  55  5:37  Protoss Ground Armor Level 1 (Chrono Boost)  
  55  5:38  Assimilator  
  55  5:39  Assimilator  
  55  5:45  Zealot x2  
  55  6:16  Probe x2  
  57  6:19  Pylon  
  57  6:25  Zealot x5  
  53  6:49  Zealot x4  
  53  6:54  Zealot x3  
  59  6:57  Immortal (Chrono Boost)  
  53  7:04  Probe x2  
  47  7:12  Zealot x3  
  47  7:13  Zealot x4  
  61  7:16  Mothership Core, Probe  
  61  7:21  Twilight Council  
  64  7:29  Immortal (Chrono Boost)  
  68  7:33  Stalker x3  
  68  7:34  Stalker  
  74  7:47  Zealot  
  76  7:51  Pylon  
  76  7:59  Pylon  
  76  8:10  Immortal (Chrono Boost)  
  80  8:14  Stalker  
  80  8:15  Stalker  
  84  8:43  Pylon  
  85  8:49  Observer (Chrono Boost)  
  85  8:51  Zealot x3  
  91  9:00  Pylon  
Tags
 
Add a new tag
Caveats
  • Supply blocks, unpowered buildings, or Contaminate may cause inaccurate times.
  • Supply counts are checked every 10 seconds.